 Dungeon Crawl Stone Soup version 0.31-a0-851-g7ff8af7976 (webtiles) character file.

Game seed: 15613051975790020227

79 lunkers the Insei (level 4, 0/46 (52) HPs)
             Began as a Meteoran Shapeshifter on Oct 6, 2023.
             Slain by a wight
             ... wielding a +0 long sword
              (1 damage)
             ... in the Ecumenical Temple.
             The game lasted 00:02:18 (1071 turns).

lunkers the Insei (Meteoran Shapeshifter)           Turns: 1071, Time: 00:02:18

HP:   0/46 (52)     AC: 22    Str: 15    XL:     4   Next: 94%
MP:   5/5           EV:  2    Int: 12    God:
Gold: 180           SH:  0    Dex: 15    Spells: 3/3 levels left

rFire   . .          .
                       - Unarmed
rCold   + . .        (no shield)
rNeg    . . .        f - melded +0 ring mail
rPois   +            (helmet currently unavailable)
rElec   .            (cloak currently unavailable)
rCorr   .            (gloves currently unavailable)
SInv    .            (boots currently unavailable)
Will    .....        (no amulet)
Stlth   +            h - ring of protection from cold
HPRegen 0.27/turn    (no ring)
MPRegen 0.09/turn

%: no passive effects
@: tree-form, glowing, heavily drained
A: stationary, stasis, torment immunity, boosted hp, sense surroundings 1,
otherworldly, glowing, explore regen
a: no special abilities


You were in the Ecumenical Temple.
You were a tree.
You visited 2 branches of the dungeon, and saw 5 of its levels.

You collected 180 gold pieces.

Inventory:

Armour
 a - a +0 animal skin
 f - a +0 ring mail (melded)
Jewellery
 h - a ring of protection from cold (left branch)
Talismans
 c - a beast talisman
 d - a flux talisman
Scrolls
 i - a scroll of noise {unknown}
 j - a scroll of blinking {unknown}
 l - a scroll of fear {unknown}
 n - a scroll of immolation {unknown}
Potions
 e - a potion of might {unknown}
 g - a potion of heal wounds {unknown}
 k - a potion of curing {unknown}
 m - 2 potions of brilliance {unknown}
 o - a potion of invisibility {unknown}
 p - a potion of enlightenment {unknown}


   Skills:
 - Level 1.1 Fighting
 - Level 2.1 Dodging
 * Level 5.4 Unarmed Combat
 + Level 4.4 Shapeshifting


You had 3 spell levels left.
You didn't know any spells.
Your spell library contained the following spells:

 Spells                   Type           Power      Damage    Failure   Level
 Sandblast                Erth           0%         2d4       32%         1
 Lesser Beckoning         Tloc           0%         N/A       45%         2
 Passwall                 Tmut/Erth      0%         N/A       45%         2
 Gell's Gravitas          Tloc           0%         N/A       69%         3
 Stone Arrow              Conj/Erth      0%         3d7       69%         3
 Teleport Other           Tloc           0%         N/A       69%         3
 Brom's Barrelling Bould  Conj/Erth      0%         2d3       97%         4


Dungeon Overview and Level Annotations

Branches:
Dungeon (4/15) Zot: 1339   Temple (1/1) D:4 Zot: 597

Altars:
Ashenzari
Gozag
Makhleb
Qazlal
Ru
Sif Muna
Trog
Uskayaw
Vehumet
Xom
Yredelemnul
Zin
The Shining One

Shops:
D:3 !


Innate Abilities, Weirdness & Mutations

You are a tree.
Your roots penetrate the ground, keeping you stationary.
You cannot be teleported.
You are immune to unholy pain and torment.
Your maximum health is greatly increased.
Your equipment is partially melded.
You passively map a small area around you.
You are easily found by Zot.
You glow in the dark.
You regain HP and MP as you explore.


Message History

You climb downwards.
The orc shouts!
The gnoll shouts! x2
Found a fizzy black potion and 20 gold pieces.
Found a stone staircase leading down and a staircase to the Ecumenical Temple.
There is a stone staircase leading up here.
There are monsters nearby!
There are monsters nearby!
The wight hits you from afar with a +3 spear!
An orc comes into view. It is wielding a +0 flail.
The orc throws a boomerang.
The boomerang hits you.
A gnoll comes into view. It is wielding a +0 whip.
The orc shouts!
The gnoll shouts!
You hear a shout!
A gnoll comes into view. It is wielding a +0 spear.
There is a staircase to the Ecumenical Temple here.
The gnoll shouts!
The wight closely misses you.
The orc throws a boomerang.
The boomerang barely misses you.
You punch the orc!
You kill the orc!
The wight hits you from afar with a +3 spear.
* * * LOW HITPOINT WARNING * * *
You feel drained. The wight completely misses you.
The wight hits you from afar with a +3 spear!
* * * LOW HITPOINT WARNING * * *
You feel drained.
* * * LOW HITPOINT WARNING * * *
You climb downwards.
Welcome to the Ecumenical Temple!
Found five altars.
Found a staircase back to the Dungeon.
There is a staircase back to the Dungeon here.
Your transformation has ended.
You turn into a tree.
Your +0 ring mail melds into your body.
Your roots penetrate the ground.
The wight hits you with a +0 long sword.
* * * LOW HITPOINT WARNING * * *
You hit the wight but do no damage.
The wight hits you with a +0 long sword.
* * * LOW HITPOINT WARNING * * *
You feel drained.
You die...

#.._..........._..........._..#
#.............................#
#........_..........._........#
##...........................##
#............._.............#
##.........................##
##....._..........._.....##
##.....................##
###........♣z.......###
####...........####
#############


You could see a wight.

Vanquished Creatures
  An orc priest (D:3)
  4 orcs
  3 ball pythons
  5 endoplasms
  2 giant cockroaches (D:1)
  7 goblins
  5 hobgoblins
  5 kobolds
  A bat (D:1)
  4 frilled lizards
  A rat (D:1)
38 creatures vanquished.

Notes
Turn   | Place    | Note
-------+----------+-------------------------------------------
     0 | D:1      | lunkers the Meteoran Shapeshifter began the quest for the
                  | Orb.
     0 | D:1      | Reached XP level 1. HP: 16/16 MP: 2/2
    12 | D:1      | You fall into a shaft and drop 1 floor!
   226 | D:1      | Reached skill level 4 in Unarmed Combat
   226 | D:1      | Reached XP level 2. HP: 12/23 MP: 3/3
   314 | D:1      | Reached XP level 3. HP: 20/28 MP: 4/4
   697 | D:3      | Reached skill level 5 in Unarmed Combat
   697 | D:3      | Reached XP level 4. HP: 26/35 MP: 5/5
   809 | D:3      | Found Esezauq's Distillery.
  1063 | D:4      | Noticed a wight
  1063 | D:4      | Noticed a wight
  1063 | D:4      | Noticed a wight
  1063 | D:4      | Noticed a wight
  1063 | D:4      | Found a staircase to the Ecumenical Temple.
  1069 | Temple   | Entered the Ecumenical Temple
  1071 | Temple   | HP: 1/49 [wight/+0 long sword (4)]
  1071 | Temple   | Slain by a wight

Illustrated notes

Levels and vault maps discovered:
D:1:      onia_arrival_pentagram, layout_basic, serial_shops,
          nicolae_shop_tiny_statue_garden, minmay_tetromino_i2
D:2:      layout_basic
D:3:      layout_rooms, serial_shops, nicolae_shop_real_fake_doors,
          minmay_misc_feat_tiny
D:4:      nicolae_BIG_FREAKIN_CUBE, layout_cave_pools,
          nicolae_kite_square_tiling_tiny, minmay_quantized,
          uniq_crazy_yiuf_cottage, uniq_pikel
Temple:   cyrus_circular_temple

Skill      XL: |  1  2  3 |
---------------+----------+-----
Unarmed Combat | 4 5 |  5.4
Shapeshifting  | 4 |  4.4
Fighting       | |  1.1
Dodging        | |  2.1

Action                     |  1- 3 |  4- 6 || total
---------------------------+-------+-------++-------
  Melee: Unarmed           |    81 |    17 ||    98
         Punch             |     1 |       ||     1
    Use: Potion            |     1 |     1 ||     2
 Armour: Ring mail         |    42 |     5 ||    47
         Skin              |     3 |     6 ||     9
  Dodge: Dodged            |    40 |     6 ||    46

Table legend: (Time is in decaauts)
 A = Elapsed time spent in this place.
 B = Non-inter-level travel time spent in this place.
 C = Inter-level travel time spent in this place.
 D = Time resting spent in this place.
 E = Time spent auto-exploring this place.
 F = Levels seen in this place.
 G = Mean time per level.
                   A        B        C        D        E       F      G
               +--------+--------+--------+--------+--------+-----+--------+
         Total |   1062 |   1050 |     12 |     21 |    733 |   5 |  212.4 |
       Dungeon |   1060 |   1048 |     12 |     21 |    733 |   4 |  265.0 |
        Temple |      1 |      1 |      0 |      0 |      0 |   1 |    1.0 |
               +--------+--------+--------+--------+--------+-----+--------+

Top non-repeatable levels by time:
     D:3: 437 daAuts
     D:2: 331 daAuts
     D:1: 286 daAuts
     D:4: 5 daAuts
  Temple: 1 daAuts
